 Dungeon Sprint DCSS version 0.29-a0-512-gf59ac788ac (webtiles) character file.

Game seed: 15491776246569847034

67 mhtbhm the Ruffian (level 4, -8/40 HPs)
             Began as a Troll Transmuter on May 29, 2022.
             Mangled by a gnoll sergeant
             ... wielding a +0 trident of venom
              (16 damage)
             ... in the Dungeon (Sprint IX: "|||||||||||||||||||||||||||||").
             The game lasted 00:00:20 (187 turns).

mhtbhm the Ruffian (Troll Transmuter)                Turns: 187, Time: 00:00:21

Health: -8/40      AC:  0    Str: 20    XL:     4   Next: 0%
Magic:  1/6        EV: 10    Int:  9    God:
Gold:   0          SH:  0    Dex: 10    Spells: 4/7 levels left

rFire   . . .      SeeInvis .     - Unarmed
rCold   . . .      Faith    .   (no shield)
rNeg    . . .      Spirit   .   a - +0 robe
rPois   .          Reflect  .   (helmet currently unavailable)
rElec   .          Harm     .   (no cloak)
rCorr   .          Rampage  .   (gloves unavailable)
Will    .....      NoTele   +   (boots unavailable)
Stlth   +.........              (no amulet)
HPRegen 0.93/turn               (no ring)
MPRegen 0.10/turn               (no ring)

@: lethally poisoned (-8 -> -10), appendages (expiring), wereblooded, corroded
A: horns 2, talons 2, large, unfitting armour, claws 3, regeneration 1, shaggy
fur 1, tough skin 1
a: End Transformation


You were in the Dungeon.
You had temporarily grown beastly horns and talons.
You visited 1 branch

Inventory:

Armour
 a - a +0 robe (worn)
Scrolls
 h - a scroll of blinking
Potions
 b - a potion of lignification
 d - a potion of heal wounds
 e - a potion of haste
 f - 2 potions of magic
 g - a potion of berserk rage


   Skills:
 + Level 0.7 Fighting
 + Level 2.6 Dodging
 + Level 6.3 Unarmed Combat
 + Level 2.4 Spellcasting
 + Level 2.8 Transmutations


You had 4 spell levels left.
You knew the following spells:

 Your Spells              Type           Power      Damage    Failure   Level
a - Beastly Appendage     Tmut           12%        N/A       11%         1
b - Wereblood             Tmut           6%         N/A       16%         2

Your spell library contained the following spells:

 Spells                   Type           Power      Damage    Failure   Level
 Spider Form              Tmut/Pois      3%         N/A       47%         3
 Ice Form                 Ice/Tmut       3%         N/A       87%         4


Dungeon Overview and Level Annotations

Branches:
Dungeon (1/1)

Altars:


Innate Abilities, Weirdness & Mutations

You have temporarily grown beastly horns and talons.
You are too large for most types of armour.
You have claws for hands.
Your natural rate of healing is unusually fast.
You are covered in fur. (AC +1)
You have tough skin. (AC +1)


Message History

Your Dodging skill increases to level 2!
Your Unarmed Combat skill increases to level 5!
Your Spellcasting skill increases to level 2!
Your Transmutations skill increases to level 2!
You have reached level 3!
Your experience leads to an increase in your attributes!
Increase (S)trength, (I)ntelligence, or (D)exterity?
You feel stronger. x3
Unknown command.
You claw the jelly! The acid corrodes you!
Your claws burn!
Your kick misses the jelly.
The jelly is severely wounded.
You howl as the wereblood boils in your veins!
The jelly misses you.
You claw the jelly!
You feel a bit better.
You kill the jelly!
The gnoll sergeant hits you from afar with a +0 trident of venom!
You are poisoned.
Your Unarmed Combat skill increases to level 6!
You have reached level 4!
Unknown command.
You feel better.
The quokka twitches its whiskers.
The gnoll sergeant hits you from afar with a +0 trident of venom!
You are poisoned.
You feel very sick. The gnoll sergeant closely misses you.
You scratch the gnoll sergeant. You claw the gnoll sergeant.
The gnoll sergeant is lightly wounded.
You feel very sick.
You closely miss the gnoll sergeant.
Your headbutt misses the gnoll sergeant.
The gnoll sergeant is lightly wounded.
You feel very sick. The gnoll sergeant barely misses you.
You claw the gnoll sergeant!
The gnoll sergeant is heavily wounded.
You feel sick.
The gnoll sergeant hits you with a +0 trident of venom!
You die... ▓▓▓▓▓▓▓▓▓▓▓▓▓▓▓▓▓▓ +.rlg@'....†)...<▓ ▓▓▓▓▓▓▓▓▓▓▓▓▓▓▓▓▓▓

You could see a gnoll sergeant, an iguana and a quokka.

Vanquished Creatures
  2 jellies (D)
  A dart slug (D)
  A ball python (D)
  A bat (D)
  A goblin (D)
  A hobgoblin (D)
7 creatures vanquished.

Notes
Turn   | Place    | Note
-------+----------+-------------------------------------------
     0 | D        | mhtbhm the Troll Transmuter began the quest for the Orb.
     0 | D        | Reached XP level 1. HP: 18/18 MP: 1/1
    16 | D        | Reached skill level 4 in Unarmed Combat
    16 | D        | Reached XP level 2. HP: 26/26 MP: 0/3
    48 | D        | Learned a level 2 spell: Wereblood
   177 | D        | Noticed a gnoll sergeant
   181 | D        | Reached skill level 5 in Unarmed Combat
   181 | D        | Reached XP level 3. HP: 31/32 MP: 0/5
   183 | D        | Reached skill level 6 in Unarmed Combat
   183 | D        | Reached XP level 4. HP: 22/40 MP: 0/6
   187 | D        | Mangled by a gnoll sergeant

Illustrated notes

Levels and vault maps discovered:
D:        linesprint [early_d, line_temple, items_1, d_10, items_2, lair_1,
          lair_end, items_3, orc_1, orc_end, items_4, d_15, swamp_1, shoals_1,
          snake_1, spider_1, d_20, vaults_1, items_5, swamp_end, shoals_end,
          snake_end, spider_end, vaults_end, d_27, items_6, zot_1, zot_end,
          crypt_end, forest_end, elf_end, slime_end, tomb_end, abyss_end,
          pan_hell_end]

Skill      XL: |  1  2  3 |
---------------+----------+-----
Unarmed Combat | 4 5 6 |  6.3
Dodging        | 2 |  2.6
Spellcasting   | 2 |  2.4
Transmutations | 2 |  2.8
Fighting       | |  0.7

Action                   |  1- 3 |  4- 6 || total
-------------------------+-------+-------++-------
Melee: Unarmed           |    14 |     3 ||    17
       Kick              |     2 |     1 ||     3
       Headbutt          |     1 |       ||     1
 Cast: Beastly Appendage |     2 |       ||     2
       Wereblood         |     2 |       ||     2
  Use: Potion            |       |     1 ||     1
Armor: Robe              |     5 |       ||     5
Dodge: Dodged            |     5 |     2 ||     7

Table legend: (Time is in decaauts)
 A = Elapsed time spent in this place.
 B = Non-inter-level travel time spent in this place.
 C = Inter-level travel time spent in this place.
 D = Time resting spent in this place.
 E = Time spent auto-exploring this place.
 F = Levels seen in this place.
 G = Mean time per level.
                   A        B        C        D        E       F      G
               +--------+--------+--------+--------+--------+-----+--------+
         Total |    185 |    185 |      0 |    148 |      0 |   1 |  185.0 |
       Dungeon |    185 |    185 |      0 |    148 |      0 |   1 |  185.0 |
               +--------+--------+--------+--------+--------+-----+--------+

Top non-repeatable levels by time:
       D: 185 daAuts
